 Dungeon Crawl Stone Soup version 0.30-b1-2-g02819fbbbe (webtiles) character file.

Game seed: 5317461962456410944

5690 Alarion00 the Cleaver (level 10, -4/91 HPs)
             Began as a Minotaur Berserker on May 28, 2023.
             Was an Elder of Trog.
             Slain by a raiju (7 damage)
             ... on level 2 of the Abyss.
             The game lasted 00:35:05 (12442 turns).

Alarion00 the Cleaver (Minotaur Berserker)         Turns: 12442, Time: 00:35:06

Health: -4/91      AC:  7    Str: 26    XL:     10   Next: 47%
Magic:  9/9        EV: 16    Int:  4    God:    Trog [****..]
Gold:   624        SH:  5    Dex: 16    Spells: 9/9 levels left

rFire   . . .        y - +2 war axe (freeze)
rCold   . . .        (no shield)
rNeg    . . .        f - +3 leather armour
rPois   .            (helmet restricted)
rElec   .            (no cloak)
rCorr   .            (no gloves)
SInv    .            (no boots)
Will    .....        h - amulet of reflection
Stlth   +            A - ring of flight
HPRegen 0.35/turn    C - +6 ring of dexterity
MPRegen 0.11/turn

%: reflection
@: flying
A: horns 2, retaliatory headbutt
a: Renounce Religion, Berserk, Trog's Hand, Brothers in Arms


You were on level 2 of the Abyss.
You worshipped Trog.
Trog was greatly pleased with you.
You visited 1 branch of the dungeon, and saw 9 of its levels.
You visited the Abyss 1 time.

You collected 862 gold pieces.
You spent 238 gold pieces at shops.

Inventory:

Hand Weapons
 a - a +2 hand axe
 g - a +4 mace of protection
 p - a +1 dagger of freezing
 y - a +2 war axe of freezing (weapon)
 D - a +4 flail
 F - a +3 hand axe
 G - a +6 spear
 H - a +2 long sword of freezing
Armour
 b - a +0 animal skin
 f - a +3 leather armour (worn)
 E - a +2 chain mail
Jewellery
 h - an amulet of reflection (around neck)
 i - a ring of ice
 q - an amulet of the acrobat
 u - a ring of positive energy
 x - a ring of protection from fire
 A - a ring of flight (left hand)
 C - a +6 ring of dexterity (right hand)
Wands
 k - a wand of paralysis (20)
 m - a wand of digging (4)
 o - a wand of polymorph (20)
 z - a wand of iceblast (7)
Scrolls
 c - 4 scrolls of teleportation
 j - a scroll of fear
 B - 3 scrolls of noise
 J - a scroll of blinking {unknown}
 K - a scroll of enchant weapon
 L - a scroll of identify
Potions
 e - 3 potions of cancellation
 l - 4 potions of mutation
 n - a potion of ambrosia
 r - a potion of lignification {unknown}
 s - 2 potions of invisibility
 t - 2 potions of might
 v - 2 potions of haste
 w - a potion of flight


   Skills:
 + Level 9.4 Fighting
 * Level 13.0(13.6) Axes
 + Level 6.9(10.8) Maces & Flails
 + Level 7.3 Armour
 + Level 7.9 Dodging
 + Level 1.8 Shields


You had 9 spell levels left.
You didn't know any spells.
Your spell library was empty.

Dungeon Overview and Level Annotations

Branches:
Dungeon (9/15)             Temple (0/1) D:7            Lair (0/5) D:8
    Orc (0/2) D:9

Altars:
Gozag
Hepliaklqana
Makhleb
Nemelex Xobeh
Trog
Uskayaw
Wu Jian
Yredelemnul
The Shining One

Shops:
D:3 :   D:7 !

Annotations:
D:9 Erolcha


Innate Abilities, Weirdness & Mutations

You have a pair of horns on your head.
You reflexively headbutt those who attack you in melee.


Message History

Something tries to affect you, but you resist.
Something barely misses you.
Your surroundings suddenly seem different.
Found a stone staircase leading down.
You start resting.
You feel the effects of Trog's Hand fading.
You start resting.
Your skin stops crawling.
You feel less strong-willed.
You start resting.
You hear some strange, mumbled words.
A fireball appears from out of thin air!
The fireball explodes!
The fireball engulfs you!
* * * LOW HITPOINT WARNING * * *
You hear a horrible gurgling sound!
You are cast into the Abyss!
This branch contains the abyssal rune of Zot.
Reactivating autopickup.
You start resting.
A raiju comes into view.
You feel better.
The raiju barks!
A raiju comes into view. x2
The raiju bursts into living lightning!
The living lightning hits you!
* * * LOW HITPOINT WARNING * * *
The raiju blinks! x2
You hear a bark! x2
You barely miss the raiju. Your headbutt misses the raiju. You slash the raiju!
You freeze the raiju.
The raiju is moderately wounded.
The raiju misses you.
You hit the raiju but do no damage.
The raiju is moderately wounded.
The raiju misses you. You furiously retaliate!
You headbutt the raiju! You barely miss the raiju.
The raiju is heavily wounded.
The raiju bites you.
* * * LOW HITPOINT WARNING * * *
The raiju shocks you!
You die...

#. ..... #.. ....
...# ...
....######.# .
#..........# ...
...........###.h..
................h.
.......@h.....h...
#...............#.
#......####......
#...... #......
....... ......
#...... ....#.
#...... ...#
#...... ....


You could see 2 raiju.

Vanquished Creatures
  2 polar bears (D:8)
  6 yaks
  2 shadows (D:9)
  A steam dragon (D:8)
  3 water moccasins (D:7)
  Duvessa (D:4)
  4 orc warriors
  4 ice beasts
  3 sky beasts (D:7)
  2 centaurs
  2 ogres
  A phantom (D:9)
  A gnoll sergeant (D:7)
  2 scorpions
  Dowan (D:4)
  14 wights
  An electric eel (D:8)
  5 howler monkeys
  3 troll zombies (D:9)
  A jelly (D:8)
  4 orc priests
  4 hounds
  A sleepcap (D:5)
  Jessica (D:3)
  An iguana (D:7)
  Ijyb (D:3)
  5 orc wizards
  5 ogre zombies (D:9)
  A gnoll (D:7)
  9 adders
  6 white imps
  An ufetubus (D:5)
  A worm (D:3)
  4 dart slugs
  15 orcs
  3 ball pythons
  9 endoplasms
  A giant cockroach (D:4)
  4 goblins
  8 hobgoblins
  6 jackals (D:1)
  3 kobolds
  3 quokkas
  8 bats
  3 frilled lizards
  2 goblin skeletons (D:9)
  3 goblin zombies (D:9)
  A hobgoblin skeleton (D:9)
  6 hobgoblin zombies (D:9)
  2 orc skeletons (D:9)
  11 orc zombies (D:9)
  3 rats
194 creatures vanquished.

Vanquished Creatures (others)
  4 toadstools (D:3)
4 creatures vanquished.

Grand Total: 198 creatures vanquished

Notes
Turn   | Place    | Note
-------+----------+-------------------------------------------
     0 | D:1      | Alarion00 the Minotaur Berserker began the quest for the
                  | Orb.
     0 | D:1      | Reached XP level 1. HP: 19/19 MP: 0/0
   158 | D:1      | Reached skill level 4 in Axes
   266 | D:1      | Reached XP level 2. HP: 27/27 MP: 1/1
   662 | D:2      | Reached XP level 3. HP: 31/33 MP: 2/2
   675 | D:2      | Reached ** piety under Trog
   897 | D:2      | Reached skill level 5 in Axes
  1229 | D:2      | Reached skill level 9 in Axes
  1229 | D:2      | Reached skill level 5 in Dodging
  1229 | D:2      | Reached XP level 4. HP: 47/47 MP: 3/3
  6050 | D:3      | Reached XP level 5. HP: 50/52 MP: 4/4
  6789 | D:3      | Noticed Jessica
  6789 | D:3      | Noticed Ijyb
  6793 | D:3      | Paralysed by Ijyb for 5 turns
  6801 | D:3      | Killed Jessica
  6802 | D:3      | Reached XP level 6. HP: 49/60 MP: 5/5
  6807 | D:3      | Killed Ijyb
  6911 | D:3      | Found Xaysisil's Book Emporium.
  7225 | D:4      | Found a hide-covered altar of Uskayaw.
  7226 | D:4      | Noticed Duvessa
  7227 | D:4      | Noticed Dowan
  7238 | D:4      | Killed Dowan
  7238 | D:4      | Killed Duvessa
  7239 | D:4      | Reached skill level 10 in Axes
  7480 | D:4      | Found an opulent altar of Gozag.
  7481 | D:4      | Found a sparkling altar of Nemelex Xobeh.
  7607 | D:4      | Found a bloodstained altar of Trog.
  7819 | D:5      | Entered Level 5 of the Dungeon
  7929 | D:5      | Reached XP level 7. HP: 66/66 MP: 6/6
  8508 | D:5      | Noticed a yak
  8509 | D:5      | Noticed a yak
  8509 | D:5      | Noticed a yak
  8509 | D:5      | Noticed a yak
  8509 | D:5      | Noticed a yak
  8517 | D:5      | Killed a yak
  8522 | D:5      | Killed a yak
  8525 | D:5      | Killed a yak
  8526 | D:5      | Reached skill level 11 in Axes
  8526 | D:5      | Reached XP level 8. HP: 74/74 MP: 7/7
  9017 | D:6      | Reached *** piety under Trog
  9018 | D:6      | Reached skill level 1 in Maces & Flails
  9176 | D:6      | Found a basalt altar of Yredelemnul.
  9876 | D:7      | Found a staircase to the Ecumenical Temple.
  9925 | D:7      | Reached XP level 9. HP: 65/82 MP: 8/8
  9925 | D:7      | Found a faded altar of an unknown god.
  9927 | D:7      | Found a hazy altar of Hepliaklqana.
  9994 | D:7      | Found Pitomp's Distillery.
 10011 | D:7      | Bought a potion of might for 56 gold pieces
 10011 | D:7      | Bought a potion of curing for 42 gold pieces
 10011 | D:7      | Bought a potion of haste for 140 gold pieces
 10305 | D:7      | Found a glowing golden altar of the Shining One.
 10416 | D:7      | Reached skill level 12 in Axes
 10593 | D:7      | Reached skill level 5 in Maces & Flails
 10687 | D:7      | Reached skill level 1 in Shields
 11275 | D:8      | Noticed a polar bear
 11287 | D:8      | Killed a polar bear
 11288 | D:8      | Reached XP level 10. HP: 69/91 MP: 9/9
 11365 | D:8      | Found a staircase to the Lair.
 11372 | D:8      | Found an ornate altar of the Wu Jian Council.
 11967 | D:8      | Found a burning altar of Makhleb.
 12164 | D:9      | Found a staircase to the Orcish Mines.
 12176 | D:9      | Reached **** piety under Trog
 12200 | D:9      | Reached skill level 13 in Axes
 12331 | D:9      | Identified the +3 leather armour of Winter {*Slow rC-
                  | Regen+ Stlth+}
 12372 | D:9      | Noticed Erolcha
 12397 | D:9      | HP: 1/91 [something (20)]
 12413 | Abyss:2  | Cast into level 2 of the Abyss (Erolcha)
 12442 | Abyss:2  | HP: 3/91 [raiju (6)]
 12442 | Abyss:2  | Slain by a raiju

Illustrated notes

Levels and vault maps discovered:
D:1:      wheals_arrival_shading, layout_loops_ring
D:2:      layout_rooms, minmay_misc_feat_alley
D:3:      layout_basic, serial_shops, nicolae_shop_getting_attention,
          chequers_serial_rivers_large_b, grunt_ministairs_7,
          minmay_gold_behind_fungi, kennysheep_jessica_study, uniq_ijyb
D:4:      layout_basic, grunt_temple_overflow_opulence, lemuel_crystal_altar,
          eat_drink_and_be_merry_uskayaw, minmay_bisected, uniq_duvessa
D:5:      layout_loops_corners
D:6:      layout_basic, nicolae_overflow_hidden_temple
D:7:      minmay_polygon_palace, layout_gridville,
          beargit_hepliaklqana_dungeon_heroes, nicolae_tso_swordbearing_angel,
          lemuel_temple_firewalk_b, nicolae_wooded_promenade, grunt_decor_cap
D:8:      layout_cave_pools, makhleb_blood_cavern_becter,
          pdpol_wu_jian_five_deadly_venoms, lair_entry_dummy, serial_ice,
          serial_ice_g, serial_ice_l, serial_ice_d, serial_ice_b
D:9:      layout_irregular_city, lemuel_round_altar, zombieorc2_lemuel,
          ebering_ghost_xom, enter_bailey_8, grunt_ministairs_13, uniq_erolcha,
          uniq_gastronok
Abyss:2:  base: D:9, evilmike_abyss_exit_plants

Skill      XL: |  1  2  3  4  5  6  7  8  9 10 |
---------------+-------------------------------+-----
Axes           | 4 9 10 11 12 13 | 13.0
Fighting       | 4 7 8 9 |  9.4
Armour         | 6 7 |  7.3
Dodging        | 5 6 7 |  7.9
Maces & Flails | 2 5 6 |  6.9
Shields        | 1 |  1.8

Action                     |  1- 3 |  4- 6 |  7- 9 | 10-12 || total
---------------------------+-------+-------+-------+-------++-------
  Melee: Hand axe          |    67 |    89 |    31 |       ||   187
         Headbutt          |     8 |    11 |    41 |    16 ||    76
         Punch             |       |       |     2 |     2 ||     4
         Mace              |       |       |    87 |    27 ||   114
         War axe           |       |       |    40 |    67 ||   107
 Invoke: Berserk           |       |     2 |     3 |     3 ||     8
         Trog's Hand       |       |       |       |     1 ||     1
    Use: Scroll            |     6 |     5 |     6 |     1 ||    18
         Potion            |     2 |     6 |     3 |     5 ||    16
 Armour: Animal skin       |     3 |       |       |       ||     3
         Leather armour    |    22 |    21 |    23 |    26 ||    92
  Dodge: Dodged            |    58 |    63 |   101 |    64 ||   286
  Block: Other             |       |       |    16 |    15 ||    31
         Reflection        |       |       |       |     2 ||     2
